 Dungeon Sprint DCSS version 0.26-a0-1101-g8f9f7f7418 (webtiles) character file.

Game seed: 16771608019190879515

6000000 Adamkad1 the Axe Maniac (level 27, -7/249 HPs)
             Began as a Demonspawn Gladiator on Dec 15, 2020.
             Was the Champion of Makhleb.
             Mangled by The Servant
             ... wielding a +9 glaive of flaming
              (36 damage)
             ... in the Dungeon (Sprint VIII: "Arena of Blood").
             The game lasted 00:02:16 (60 turns).

Adamkad1 the Axe Maniac (Demonspawn Gladiator)        Turns: 60, Time: 00:02:16

Health: -7/249     AC:  6    Str: 14    XL:     27
Magic:  27/49      EV: 37    Int: 14    God:    Makhleb [******]
Gold:   0          SH:  0    Dex: 24    Spells: 71/71 levels left

rFire    + . .     SeeInvis +   k - +∞ Axe of Woe
rCold    . . .     Faith    .   (shield currently unavailable)
rNeg     . . .     Spirit   .   b - +0 leather armour
rPois    .         Reflect  .   (helmet unavailable)
rElec    .         Harm     .   (no cloak)
rCorr    .         Rampage  .   (no gloves)
Will     ++...     NoTele   +   (no boots)
Stlth    +++++++++.             (no amulet)
HPRegen  11.51/turn             (no ring)
MPRegen  0.31/turn              (no ring)

@: slowed, very slow
A: antennae 3, fire resistance 1, hurl damnation, foul stench 2, powered by
death 3, miasma immunity, flame cloud immunity, sturdy frame 3
a: Hurl Damnation, Minor Destruction, Lesser Servant of Makhleb, Major
Destruction, Greater Servant of Makhleb, Renounce Religion


You were in the Dungeon.
You worshipped Makhleb.
Makhleb was exalted by your worship.
You visited 1 branch

Inventory:

Hand Weapons
 a - a +0 war axe
 k - the +∞ Axe of Woe (weapon)
   (You found it in the Dungeon)
Missiles
 d - 3 throwing nets (quivered)
Armour
 b - a +0 leather armour (worn)
 c - a +0 helmet
Scrolls
 j - a scroll of blinking
Potions
 e - a potion of curing
 f - a potion of heal wounds
 g - a potion of haste
 h - 2 potions of magic
 i - a potion of berserk rage


   Skills:
 O Level 27 Fighting
 + Level 22.5(25.7) Short Blades
 + Level 22.5(25.7) Long Blades
 O Level 27 Axes
 + Level 22.5(27) Maces & Flails
 + Level 22.5(27) Polearms
 + Level 22.5(27) Slings
 + Level 22.5 Bows
 + Level 22.5 Crossbows
 O Level 27 Throwing
 + Level 22.5 Armour
 O Level 27 Dodging
 + Level 24.1 Stealth
 + Level 22.5 Shields
 + Level 22.5 Unarmed Combat
 + Level 22.5 Spellcasting
 + Level 24.1 Conjurations
 + Level 24.1 Hexes
 + Level 24.1 Summonings
 + Level 25.8 Necromancy
 + Level 22.5 Translocations
 + Level 22.5 Transmutations
 + Level 22.5 Fire Magic
 + Level 22.5 Ice Magic
 + Level 22.5 Air Magic
 + Level 22.5 Earth Magic
 + Level 24.1 Poison Magic
 O Level 27 Invocations
 + Level 24.1 Evocations


You had 71 spell levels left.
You didn't know any spells.
Your spell library was empty.

Dungeon Overview and Level Annotations

Branches:
Dungeon (1/1)

Altars:
Makhleb

Annotations:
D The Servant


Innate Abilities, Weirdness & Mutations

You have a pair of large antennae on your head. (SInv)
Your flesh is heat resistant. (rF+)
You can hurl damnation.
You frequently emit foul miasma when damaged in melee.
You regenerate a lot of health from kills.
You are immune to miasma.
You are immune to clouds of flame.
Your movements are significantly less encumbered by armour. (ER -6)


Message History

Your Evocations skill increases to level 24!
You carve the tyrant like a ham!!!
You pulverise the tyrant into a thin bloody mist.
You destroy the tyrant!
Makhleb accepts your kill.
You feel better.
You hit the crawling corpse but do no damage.
You cleave the crawling corpse in twain.
You destroy the crawling corpse!
The meat berserker rages.
You hear a shout! x2
A bag of meat comes into view. It is wielding a +9 war axe.
The crawling corpse is engulfed in blazing flames.
The crawling corpse is destroyed!
The Servant is engulfed in blazing flames.
The Servant hits you from afar with a +9 glaive of flaming!!!!!
Ouch! That really hurt!
* * * LOW HITPOINT WARNING * * *
The Servant burns you!!!
You die...

......###........
...V.._..x......
. #....O#......
.. #_.<._#......
...#.....#......
o.§..._)))......
..W§O.###))......
.###...))O.###...
#..o○@☼)# ..
#...°)§.#
......°@°....
..............#
.............#.
...........##..
.#........#. {.
.........#..


You could see The Servant, a dread, 3 meat berserkers, 2 bags of meat and a
crawling corpse.

Vanquished Creatures
  A royal mummy (D)
  9 vampire knights (D)
  19 ogres (D)
  4 two-headed ogres (D)
  3 liches (D)
  A hydra (D)
  33 orcs (D)
  4 skeletal warriors (D)
  3 large abominations (D)
  3 small abominations (D)
  8 crawling corpses (D)
88 creatures vanquished.

Vanquished Creatures (others)
  2 crawling corpses (D)
2 creatures vanquished.

Grand Total: 90 creatures vanquished

Notes
Turn   | Place    | Note
-------+----------+-------------------------------------------
     0 | D        | Found the +∞ Axe of Woe
     0 | D        | Adamkad1 the Demonspawn Gladiator began the quest for the
                  | Orb.
     0 | D        | Reached XP level 1. HP: 16/16 MP: 1/1
     1 | D        | Noticed a bag of meat
     2 | D        | Noticed a bag of meat
     3 | D        | Became a worshipper of Makhleb the Destroyer
     4 | D        | Noticed a bag of meat
     5 | D        | Noticed a meat berserker
     6 | D        | Killed a meat berserker
     6 | D        | Noticed a bag of meat
     7 | D        | Reached skill level 15 in Fighting
     7 | D        | Gained mutation: You are immune to miasma. [demonic
                  | ancestry]
     7 | D        | Reached XP level 2. HP: 44/44 MP: 2/2
     7 | D        | Reached XP level 3. HP: 50/50 MP: 3/3
     7 | D        | Gained mutation: Your movements are slightly less
                  | encumbered by armour. (ER -2) [demonic ancestry]
     7 | D        | Reached XP level 4. HP: 57/57 MP: 4/4
     7 | D        | Reached XP level 5. HP: 63/63 MP: 5/5
     7 | D        | Gained mutation: You have a pair of small antennae on your
                  | head. [demonic ancestry]
     7 | D        | Reached XP level 6. HP: 70/70 MP: 6/6
     7 | D        | Reached XP level 7. HP: 76/76 MP: 7/7
     7 | D        | Gained mutation: You may emit foul miasma when damaged in
                  | melee. [demonic ancestry]
     7 | D        | Reached XP level 8. HP: 83/83 MP: 8/8
     7 | D        | Reached XP level 9. HP: 89/89 MP: 9/9
     7 | D        | Reached XP level 10. HP: 96/96 MP: 10/10
     7 | D        | Gained mutation: You have a pair of antennae on your head.
                  | [demonic ancestry]
     7 | D        | Reached XP level 11. HP: 102/102 MP: 11/11
     7 | D        | Gained mutation: You regenerate a little health from kills.
                  | [demonic ancestry]
     7 | D        | Reached XP level 12. HP: 110/110 MP: 12/12
     7 | D        | Reached XP level 13. HP: 116/116 MP: 13/13
     8 | D        | Killed a bag of meat
     8 | D        | Reached * piety under Makhleb
     9 | D        | Reached skill level 15 in Throwing
     9 | D        | Reached skill level 15 in Dodging
     9 | D        | Killed a bag of meat
     9 | D        | Noticed a meat berserker
     9 | D        | Noticed a bag of meat
    10 | D        | Gained mutation: Your movements are less encumbered by
                  | armour. (ER -4) [demonic ancestry]
    10 | D        | Reached XP level 14. HP: 129/129 MP: 14/14
    10 | D        | Killed a bag of meat
    10 | D        | Noticed a meat berserker
    10 | D        | Noticed a bag of meat
    10 | D        | Noticed a bag of meat
    11 | D        | Noticed a bag of meat
    11 | D        | Noticed a meat berserker
    11 | D        | Noticed a bag of meat
    11 | D        | Noticed a meat berserker
    12 | D        | Noticed a bag of meat
    12 | D        | Noticed a bag of meat
    12 | D        | Noticed a meat berserker
    12 | D        | Noticed a bag of meat
    12 | D        | Noticed a bag of meat
    12 | D        | Noticed a meat berserker
    13 | D        | Killed a bag of meat
    13 | D        | Reached ** piety under Makhleb
    13 | D        | Noticed a bag of meat
    14 | D        | Gained mutation: Your movements are significantly less
                  | encumbered by armour. (ER -6) [demonic ancestry]
    14 | D        | Reached XP level 15. HP: 139/139 MP: 15/15
    14 | D        | Killed a meat berserker
    14 | D        | Killed a meat berserker
    15 | D        | Reached skill level 27 in Axes
    15 | D        | Gained mutation: You have a pair of large antennae on your
                  | head. (SInv) [demonic ancestry]
    15 | D        | Reached XP level 16. HP: 110/155 MP: 16/16
    15 | D        | Killed a meat berserker
    15 | D        | Reached *** piety under Makhleb
    16 | D        | Gained mutation: You frequently emit foul miasma when
                  | damaged in melee. [demonic ancestry]
    16 | D        | Reached XP level 17. HP: 169/169 MP: 17/17
    16 | D        | Reached **** piety under Makhleb
    17 | D        | Killed a meat berserker
    18 | D        | Reached skill level 27 in Fighting
    18 | D        | Reached skill level 27 in Throwing
    18 | D        | Reached skill level 27 in Dodging
    18 | D        | Reached skill level 1 in Maces & Flails
    18 | D        | Reached skill level 1 in Polearms
    18 | D        | Reached XP level 18. HP: 182/182 MP: 18/18
    18 | D        | Killed a meat berserker
    19 | D        | Reached skill level 5 in Invocations
    19 | D        | Killed a meat berserker
    20 | D        | Gained mutation: Your flesh is heat resistant. (rF+)
                  | [demonic ancestry]
    20 | D        | Reached XP level 19. HP: 189/189 MP: 18/28
    20 | D        | Reached ***** piety under Makhleb
    22 | D        | Noticed a large bag of meat
    22 | D        | Noticed a meat berserker
    23 | D        | Noticed a destroyer
    24 | D        | Reached skill level 10 in Necromancy
    24 | D        | Reached XP level 20. HP: 197/197 MP: 18/32
    25 | D        | Reached skill level 10 in Stealth
    25 | D        | Reached skill level 10 in Conjurations
    25 | D        | Reached skill level 10 in Hexes
    25 | D        | Reached skill level 10 in Summonings
    25 | D        | Reached skill level 10 in Poison Magic
    25 | D        | Reached skill level 10 in Evocations
    26 | D        | Reached ****** piety under Makhleb
    26 | D        | Noticed a destroyer
    27 | D        | Reached skill level 10 in Short Blades
    27 | D        | Reached skill level 10 in Long Blades
    27 | D        | Reached skill level 10 in Maces & Flails
    27 | D        | Reached skill level 10 in Polearms
    27 | D        | Reached skill level 10 in Slings
    27 | D        | Reached skill level 10 in Bows
    27 | D        | Reached skill level 10 in Crossbows
    27 | D        | Reached skill level 10 in Armour
    27 | D        | Reached skill level 10 in Shields
    27 | D        | Reached skill level 10 in Unarmed Combat
    27 | D        | Reached skill level 10 in Spellcasting
    27 | D        | Reached skill level 10 in Translocations
    27 | D        | Reached skill level 10 in Transmutations
    27 | D        | Reached skill level 10 in Fire Magic
    27 | D        | Reached skill level 10 in Ice Magic
    27 | D        | Reached skill level 10 in Air Magic
    27 | D        | Reached skill level 10 in Earth Magic
    27 | D        | Gained mutation: You are immune to clouds of flame.
                  | [demonic ancestry]
    27 | D        | Reached XP level 21. HP: 204/204 MP: 19/35
    27 | D        | Killed a destroyer
    28 | D        | Reached skill level 15 in Invocations
    28 | D        | Noticed a large bag of meat
    29 | D        | Killed a large bag of meat
    30 | D        | Reached XP level 22. HP: 206/212 MP: 19/38
    31 | D        | Killed a destroyer
    32 | D        | Reached skill level 15 in Necromancy
    32 | D        | Noticed a destroyer
    33 | D        | Killed a destroyer
    34 | D        | Reached skill level 15 in Stealth
    34 | D        | Reached skill level 15 in Conjurations
    34 | D        | Reached skill level 15 in Hexes
    34 | D        | Reached skill level 15 in Summonings
    34 | D        | Reached skill level 15 in Poison Magic
    34 | D        | Reached skill level 15 in Evocations
    34 | D        | Gained mutation: You regenerate health from kills. [demonic
                  | ancestry]
    34 | D        | Reached XP level 23. HP: 216/219 MP: 20/41
    35 | D        | Killed a large bag of meat
    35 | D        | Noticed a destroyer
    35 | D        | Noticed a destroyer
    38 | D        | Noticed a destroyer
    39 | D        | Noticed a destroyer
    39 | D        | Noticed a large bag of meat
    40 | D        | Reached skill level 15 in Short Blades
    40 | D        | Reached skill level 15 in Long Blades
    40 | D        | Reached skill level 15 in Maces & Flails
    40 | D        | Reached skill level 15 in Polearms
    40 | D        | Reached skill level 15 in Slings
    40 | D        | Reached skill level 15 in Bows
    40 | D        | Reached skill level 15 in Crossbows
    40 | D        | Reached skill level 15 in Armour
    40 | D        | Reached skill level 15 in Shields
    40 | D        | Reached skill level 15 in Unarmed Combat
    40 | D        | Reached skill level 15 in Spellcasting
    40 | D        | Reached skill level 15 in Translocations
    40 | D        | Reached skill level 15 in Transmutations
    40 | D        | Reached skill level 15 in Fire Magic
    40 | D        | Reached skill level 15 in Ice Magic
    40 | D        | Reached skill level 15 in Air Magic
    40 | D        | Reached skill level 15 in Earth Magic
    40 | D        | Noticed a large bag of meat
    41 | D        | Killed a destroyer
    42 | D        | Gained mutation: You can hurl damnation. [demonic ancestry]
    42 | D        | Reached XP level 24. HP: 227/227 MP: 22/42
    42 | D        | Noticed a destroyer
    43 | D        | Noticed a tyrant
    43 | D        | Noticed a destroyer
    45 | D        | Noticed The Servant
    46 | D        | Noticed an accursed
    46 | D        | Killed a destroyer
    47 | D        | Reached XP level 25. HP: 234/234 MP: 23/44
    47 | D        | Killed a destroyer
    47 | D        | Killed a destroyer
    48 | D        | Killed a large bag of meat
    49 | D        | Reached XP level 26. HP: 222/242 MP: 23/45
    50 | D        | Killed a large bag of meat
    51 | D        | Killed a destroyer
    52 | D        | Noticed a tyrant
    52 | D        | Killed an accursed
    53 | D        | Gained mutation: You regenerate a lot of health from kills.
                  | [demonic ancestry]
    53 | D        | Reached XP level 27. HP: 249/249 MP: 24/47
    54 | D        | Reached skill level 27 in Invocations
    54 | D        | Killed a tyrant
    56 | D        | Killed a tyrant
    57 | D        | Killed a destroyer
    57 | D        | Noticed a tyrant
    59 | D        | Noticed a dread
    60 | D        | Killed a tyrant
    60 | D        | Mangled by The Servant

Illustrated notes

Levels and vault maps discovered:
D:        meatsprint

Skill      XL: |  1  2  3  4  5  6  7  8  9 10 11 12 13 14 15 16 17 18 19 20 21 22 23 24 25 26 27 |
---------------+----------------------------------------------------------------------------------+-----
Fighting       | 15 17 19 22 25 27 | 27.0
Axes           | 19 21 23 27 | 27.0
Throwing       | 14 16 18 20 23 27 | 27.0
Dodging        | 14 16 18 20 23 27 | 27.0
Maces & Flails | 1 6 8 10 12 14 15 17 18 20 22 | 22.5
Polearms       | 1 6 8 10 12 14 15 17 18 20 22 | 22.5
Short Blades   | 6 8 10 12 14 15 17 18 20 22 | 22.5
Long Blades    | 6 8 10 12 14 15 17 18 20 22 | 22.5
Slings         | 6 8 10 12 14 15 17 18 20 22 | 22.5
Bows           | 6 8 10 12 14 15 17 18 20 22 | 22.5
Crossbows      | 6 8 10 12 14 15 17 18 20 22 | 22.5
Armour         | 6 8 10 12 14 15 17 18 20 22 | 22.5
Stealth        | 6 9 11 13 15 17 18 19 21 24 | 24.1
Shields        | 6 8 10 12 14 15 17 18 20 22 | 22.5
Unarmed Combat | 6 8 10 12 14 15 17 18 20 22 | 22.5
Spellcasting   | 6 8 10 12 14 15 17 18 20 22 | 22.5
Conjurations   | 6 9 11 13 15 17 18 19 21 24 | 24.1
Hexes          | 6 9 11 13 15 17 18 19 21 24 | 24.1
Summonings     | 6 9 11 13 15 17 18 19 21 24 | 24.1
Necromancy     | 7 10 12 14 16 18 19 21 23 25 | 25.8
Translocations | 6 8 10 12 14 15 17 18 20 22 | 22.5
Transmutations | 6 8 10 12 14 15 17 18 20 22 | 22.5
Fire Magic     | 6 8 10 12 14 15 17 18 20 22 | 22.5
Ice Magic      | 6 8 10 12 14 15 17 18 20 22 | 22.5
Air Magic      | 6 8 10 12 14 15 17 18 20 22 | 22.5
Earth Magic    | 6 8 10 12 14 15 17 18 20 22 | 22.5
Poison Magic   | 6 9 11 13 15 17 18 19 21 24 | 24.1
Invocations    | 8 12 14 17 19 21 22 24 26 27 | 27.0
Evocations     | 6 9 11 13 15 17 18 19 21 24 | 24.1

Action                   |  1- 3 |  4- 6 |  7- 9 | 10-12 | 13-15 | 16-18 | 19-21 | 22-24 | 25-27 || total
-------------------------+-------+-------+-------+-------+-------+-------+-------+-------+-------++-------
Melee: Executioner's axe |     1 |       |       |       |     5 |     5 |     9 |    12 |    14 ||    46
Dodge: Dodged            |       |       |       |       |       |     1 |       |       |     2 ||     3

Table legend: (Time is in decaauts)
 A = Elapsed time spent in this place.
 B = Non-inter-level travel time spent in this place.
 C = Inter-level travel time spent in this place.
 D = Time resting spent in this place.
 E = Time spent auto-exploring this place.
 F = Levels seen in this place.
 G = Mean time per level.
                   A        B        C        D        E       F      G
               +--------+--------+--------+--------+--------+-----+--------+
         Total |     50 |     50 |      0 |      0 |      0 |   1 |   50.0 |
       Dungeon |     50 |     50 |      0 |      0 |      0 |   1 |   50.0 |
               +--------+--------+--------+--------+--------+-----+--------+

Top non-repeatable levels by time:
       D: 50 daAuts
